 Dungeon Crawl Stone Soup version 0.29-a0-732-g3d7fbe0af2 (webtiles) character file.

Game seed: 10709931250270698766

23 buhh the Insei (level 2, -6/20 HPs)
             Began as an Octopode Transmuter on June 30, 2022.
             Mangled by a gnoll
             ... wielding a +0 flail
              (13 damage)
             ... on level 2 of the Dungeon.
             The game lasted 00:01:00 (611 turns).

buhh the Insei (Octopode Transmuter)                 Turns: 611, Time: 00:01:01

Health: -6/20      AC:  1    Str:  9    XL:     2   Next: 95%
Magic:  5/5        EV: 13    Int: 15    God:
Gold:   58         SH:  0    Dex: 12    Spells: 4/5 levels left

rFire   . . .      SeeInvis .     - Unarmed
rCold   . . .      Faith    .   (no shield)
rNeg    . . .      Spirit   .   (helmet currently unavailable)
rPois   .          Reflect  .   (no amulet)
rElec   .          Harm     .   (no ring)
rCorr   .          Rampage  .   (no ring)
Will    .....                   (no ring)
Stlth   +++.......              (no ring)
HPRegen 0.06/turn               (no ring)
MPRegen 0.09/turn               (no ring)
                                (no ring)
                                (no ring)

@: appendages (expiring)
A: tentacle spike 3, almost no armour, amphibious, 8 rings, camouflage 1,
gelatinous body 1, (nimble swimmer 1), tentacles
a: End Transformation


You were on level 2 of the Dungeon.
One of your tentacles had grown a beastly spike.
You visited 1 branch of the dungeon, and saw 2 of its levels.

You collected 58 gold pieces.

Inventory:

Magical Staves
 d - a staff of air
Scrolls
 a - a scroll of immolation {unknown}
 c - 2 scrolls of identify {unknown}
Potions
 e - a potion of heal wounds {unknown}
 f - a potion of attraction {unknown}
 l - a potion of lignification {!d}
 N - a potion of curing {!q!d}


   Skills:
 + Level 2.6 Fighting
 - Level 2.0 Dodging
 - Level 1.0 Stealth
 - Level 3.0 Unarmed Combat
 - Level 2.0 Spellcasting
 - Level 2.0 Transmutations


You had 4 spell levels left.
You knew the following spells:

 Your Spells              Type           Power      Damage    Failure   Level
a - Beastly Appendage     Tmut           14%        N/A       10%         1

Your spell library contained the following spells:

 Spells                   Type           Power      Damage    Failure   Level
 Wereblood                Tmut           7%         N/A       14%         2
 Spider Form              Tmut/Pois      4%         N/A       41%         3
 Ice Form                 Ice/Tmut       4%         N/A       82%         4


Dungeon Overview and Level Annotations

Branches:
Dungeon (2/15) Zot: 11389

Altars:

Annotations:
D:1 exclusion: gnoll


Innate Abilities, Weirdness & Mutations

One of your tentacles has grown a beastly spike.
You cannot wear most types of armour.
You are amphibious.
You can wear up to eight rings at the same time.
Your skin changes colour to match your surroundings (Stealth+).
Your rubbery body absorbs attacks. (AC +1, EV +1)
((You are camouflaged when in or above water. (Stealth+)))
You have tentacles for arms and can constrict up to eight enemies at once.


Message History

Found a stone staircase leading down.
A bat is nearby!
One of your tentacles grows a vicious spike.
A bat comes into view.
The helpless bat fails to defend itself.
You tentacle-slap the bat. You grab the bat.
You pierce the bat.
The bat is heavily wounded.
You constrict the bat.
You kill the bat!
You see here a bat corpse.
A bat is nearby!
A gnoll comes into view. It is wielding a +0 flail.
Your transformation is almost over.
The bat hits you but does no damage. x2
You barely miss the bat. Your grab misses the bat.
You pierce the bat, but do no damage.
The bat closely misses you.
A gnoll comes into view. It is wielding a +0 whip.
The gnoll shouts! x2
The bat misses you. The bat hits you but does no damage.
You closely miss the gnoll. You grab the gnoll. You squeeze the gnoll!
The gnoll is heavily wounded.
You constrict the gnoll. The bat hits you but does no damage.
The gnoll hits you with a +0 whip.
You tentacle-slap the gnoll but do no damage.
You tentacle-slap the gnoll, but do no damage.
You squeeze the gnoll.
You kill the gnoll!
The bat hits you.
A gnoll comes into view. It is wielding a +0 club.
You tentacle-slap the gnoll but do no damage.
Your grab misses the gnoll. The bat hits you.
The gnoll hits you with a +0 flail!
Ouch! That really hurt!
* * * LOW HITPOINT WARNING * * *
It was a potion of curing.
You feel better.
N - a potion of curing The bat hits you.
The bat closely misses you. The bat hits you but does no damage.
The gnoll hits you with a +0 flail!
Ouch! That really hurt!
You die...

#.# ### #.# ... #.#
#.# #.# ###
......:.. ##
#.#.#.#g#.#....
......gb....# #@#
#.# #.###.# #†>##.#
# ##.##.####
#.##.##....##
#.......###.# #
#.........#.#
#.......#.#.#####.#
#...#..............#


You could see 2 gnolls and a bat.

Vanquished Creatures
  A gnoll (D:2)
  A dart slug (D:1)
  A bat (D:2)
  2 endoplasms (D:1)
  A giant cockroach (D:1)
  A hobgoblin (D:2)
  2 kobolds (D:2)
  A frilled lizard (D:2)
  A rat (D:2)
11 creatures vanquished.

Notes
Turn   | Place    | Note
-------+----------+-------------------------------------------
     0 | D:1      | buhh the Octopode Transmuter began the quest for the Orb.
     0 | D:1      | Reached XP level 1. HP: 13/13 MP: 3/3
   317 | D:1      | Reached XP level 2. HP: 19/19 MP: 3/5
   381 | D:1      | You fall into a shaft and drop 1 floor!
   611 | D:2      | Mangled by a gnoll

Illustrated notes

Levels and vault maps discovered:
D:1:      dpeg_arrival_simpleton_c, layout_basic,
          shapermc_ecumenical_altar_totnotflames
D:2:      layout_loops_ring, st_stairs_8, minmay_misc_feat_rugged,
          kennysheep_donut, nicolae_concentric_dashed_squares_mild

Skill      XL: |  1  2 |
---------------+-------+-----
Stealth        | 1 |  1.0
Fighting       | 2 |  2.6
Dodging        | |  2.0
Unarmed Combat | |  3.0
Spellcasting   | |  2.0
Transmutations | |  2.0

Action                   || total
-------------------------++-------
Melee: Unarmed           ||    21
       Kick              ||    10
       Constrict         ||     7
       Tentacles         ||     4
       Punch             ||     1
 Cast: Beastly Appendage ||     9
  Use: Potion            ||     1
 Stab: Sleeping          ||     3
Armor: Skin              ||     6
Dodge: Dodged            ||    10

Table legend: (Time is in decaauts)
 A = Elapsed time spent in this place.
 B = Non-inter-level travel time spent in this place.
 C = Inter-level travel time spent in this place.
 D = Time resting spent in this place.
 E = Time spent auto-exploring this place.
 F = Levels seen in this place.
 G = Mean time per level.
                   A        B        C        D        E       F      G
               +--------+--------+--------+--------+--------+-----+--------+
         Total |    609 |    609 |      0 |    149 |    371 |   2 |  304.5 |
       Dungeon |    609 |    609 |      0 |    149 |    371 |   2 |  304.5 |
               +--------+--------+--------+--------+--------+-----+--------+

Top non-repeatable levels by time:
     D:1: 380 daAuts
     D:2: 228 daAuts
